 Dungeon Crawl Stone Soup version 0.17-b1-33-gd9cf236 (webtiles) character file.

127 Kloppie the Slasher (level 4, -1/39 HPs)
             Began as a Minotaur Berserker on Nov 6, 2015.
             Was a Believer of Trog.
             Killed by divine providence
             ... invoked by an orc priest
              (14 damage)
             ... on level 2 of the Dungeon.
             The game lasted 00:04:15 (1813 turns).

Kloppie the Slasher (Minotaur Berserker)            Turns: 1813, Time: 00:04:15

Health: -1/39      AC:  9    Str: 22    XL:     4   Next: 85%
Magic:  3/3        EV:  8    Int:  4    God:    Trog [**....]
Gold:   119        SH:  0    Dex: 10    Spells: 0 memorised, 3 levels left

rFire  . . .     SeeInvis .     a - +0 falchion
rCold  . . .     Clarity  .     l - +0 chain mail
rNeg   . . .     SustAt   .     (no shield)
rPois  .         Gourm    .     (helmet restricted)
rElec  .         Spirit   .     (no cloak)
rCorr  .         Warding  .     (no gloves)
rMut   .         Stasis   .     (no boots)
MR     .....                    (no amulet)
Stlth  ..........               (no ring)
                                (no ring)

@: not resistant to hostile enchantments, extremely unstealthy
A: retaliatory headbutt, horns 2
a: Berserk, Trog's Hand, Burn Spellbooks, Renounce Religion


You were on level 2 of the Dungeon.
You worshipped Trog.
Trog was pleased with you.
You were not hungry.

You visited 1 branch of the dungeon, and saw 3 of its levels.

You collected 119 gold pieces.

Inventory:

Hand Weapons
 a - a +0 falchion (weapon)
Missiles
 k - 8 javelins (quivered)
Armour
 l - a +0 chain mail (worn)
Scrolls
 b - a scroll of noise {unknown}
 f - a scroll of amnesia {unknown}
 g - 3 scrolls of remove curse {unknown}
 i - a scroll of identify {unknown}
 j - a scroll of teleportation {unknown}
Potions
 d - a potion of lignification {unknown}
 e - a potion of flight {unknown}
Books
 m - a book of Air

   Spells                             Type                      Level
   a - Shock                          Conjuration/Air              1
   b - Swiftness                      Charms/Air                   2
   c - Repel Missiles                 Charms/Air                   2
   d - Static Discharge               Conjuration/Air              3
   e - Lightning Bolt                 Conjuration/Air              5
   Trog disapproves of the use of such an item.
Comestibles
 c - 2 bread rations


   Skills:
 - Level 3.6 Fighting
 + Level 5.3 Long Blades
 + Level 1.3 Throwing
 + Level 4.2 Armour
 - Level 2.1 Dodging


You had 3 spell levels left.
You didn't know any spells.

Dungeon Overview and Level Annotations

Branches:
Dungeon (3/15)

Altars:
Ashenzari


Innate Abilities, Weirdness & Mutations

You reflexively headbutt those who attack you in melee.
You have a pair of horns on your head.


Message History

You hit the orc priest.
The orc priest is lightly wounded.
The orc priest calls down the wrath of Beogh upon you.
Pain shoots through your body!
* * * LOW HITPOINT WARNING * * *
The orc hits you but does no damage.
You hear a shout!
You are too injured to fight recklessly!
You hear a shout!
The orc priest calls down the wrath of Beogh upon you.
Pain shoots through your body!
* * * LOW HITPOINT WARNING * * *
The orc hits you but does no damage.
You climb upwards.
There is a stone staircase leading down here.
You hit the orc priest.
The orc priest is heavily wounded.
The orc priest invokes the aid of Beogh against you.
Something smites you!
You die...

##### #...# ########## #######
#...# #........##### #.....#
#...# ##.#####.....# #.....#
#...# #.# #.....#### #.....#
#...# #.# #........# #.....#
#...#
##.#####.......o###.....###...###
#...............@o......'........
########.##......##.(...#########
#.##......##.....#########
##.##......................
#...#.....#################
#...#.....###########
#...#.....<.........#
#...#.#############.# #...#.# #.#


You could see an orc priest and an orc.

Vanquished Creatures
  4 gnolls (D:2)
  4 adders
  A worm (D:2)
  2 giant geckos
  4 giant cockroaches
  5 goblins
  5 hobgoblins
  3 jackals (D:2)
  A ball python (D:3)
  7 bats
  3 giant newts (D:1)
  5 kobolds
  5 rats
49 creatures vanquished.

Notes
Turn   | Place    | Note
--------------------------------------------------------------
     0 | D:1      | Kloppie the Minotaur Berserker began the quest for the Orb.
     0 | D:1      | Reached XP level 1. HP: 19/19 MP: 0/0
   286 | D:1      | Found a shattered altar of Ashenzari.
   300 | D:1      | Reached skill level 4 in Long Blades
   315 | D:1      | Reached XP level 2. HP: 20/26 MP: 1/1
   540 | D:1      | Reached ** piety under Trog
   790 | D:1      | Reached XP level 3. HP: 31/31 MP: 2/2
  1145 | D:2      | Reached skill level 5 in Long Blades
  1205 | D:2      | Reached XP level 4. HP: 39/39 MP: 3/3
  1527 | D:2      | Reached skill level 1 in Throwing
  1813 | D:2      | Killed from afar by an orc priest

Action                   |  1- 3 |  4- 6 || total
-------------------------+-------+-------++-------
Melee: Falchion          |    84 |    37 ||   121
Invok: Berserk           |       |     1 ||     1
       Trog's Hand       |       |     1 ||     1
  Eat: Chunk             |     1 |     3 ||     4
